 Dungeon Sprint DCSS version 0.29.1-14-g9c671dbff4 (webtiles) character file.

Game seed: 5199021681915111824

2340 Groucho the Covert (level 9, -3/48 HPs)
             Began as a Spriggan Fighter on Feb 13, 2023.
             Was a High Priest of Uskayaw.
             Shot with an arrow by a centaur warrior (28 damage)
             ... in the Dungeon (Sprint IX: "|||||||||||||||||||||||||||||").
             The game lasted 00:01:40 (1099 turns).

Groucho the Covert (Spriggan Fighter)               Turns: 1099, Time: 00:01:40

Health: -3/48      AC:  2    Str: 19    XL:     9   Next: 19%
Magic:  8/17       EV: 24    Int:  9    God:    Uskayaw [*****.]
Gold:   0          SH:  0    Dex: 15    Spells: 8/8 levels left

rFire   . . .      SeeInvis +   k - +2 rapier (venom)
rCold   . . .      Faith    .   c - +0 buckler
rNeg    . . .      Spirit   .   b - +0 robe
rPois   .          Reflect  .   (helmet restricted)
rElec   .          Harm     .   (no cloak)
rCorr   .          Rampage  .   (gloves unavailable)
Will    +....      NoTele   +   (boots unavailable)
Stlth   ++........              (no amulet)
HPRegen 0.16/turn               l - +3 ring of strength
MPRegen 0.15/turn               (no ring)

@: confused, invisible, very quick
A: very small, no large weapons, unfitting armour, see invisible, speed 3
a: Renounce Religion, Stomp, Line Pass, Grand Finale


You were in the Dungeon.
You worshipped Uskayaw.
Uskayaw was aware of your devotion.
You visited 1 branch

Inventory:

Hand Weapons
 a - a +0 rapier
 k - a +2 rapier of venom (weapon)
Armour
 b - a +0 robe (worn)
 c - a +0 buckler (worn)
Jewellery
 l - a +3 ring of strength (left hand)
 m - a +3 ring of intelligence
Wands
 i - a wand of acid (10)
Scrolls
 g - 2 scrolls of amnesia
 j - 2 scrolls of blinking
Potions
 e - 4 potions of curing
 f - 2 potions of heal wounds
 h - 4 potions of magic


   Skills:
 + Level 6.1 Fighting
 * Level 10.7 Short Blades
 * Level 12.9 Dodging
 * Level 14.4 Stealth
 + Level 5.5 Shields
 * Level 9.5 Invocations


You had 8 spell levels left.
You didn't know any spells.
Your spell library was empty.

Dungeon Overview and Level Annotations

Branches:
Dungeon (1/1)

Altars:
Cheibriados
Dithmenos
Elyvilon
Fedhas
Gozag
Hepliaklqana
Kikubaaqudgha
Makhleb
Nemelex Xobeh
Okawaru
Qazlal
Ru
Sif Muna
Trog
Uskayaw
Vehumet
Wu Jian
Xom
Yredelemnul
Zin
The Shining One
Jiyva
Lugonu


Innate Abilities, Weirdness & Mutations

You are very small and have problems with some larger weapons.
You are too small for most types of armour.
You have supernaturally acute eyesight. (SInv)
You cover ground extremely quickly. (Speed+++)


Message History

Unknown command.
Unknown command.
You puncture the manticore!
The manticore looks as sick as possible!
The manticore is almost dead.
You feel a little less mighty now.
Unknown command.
Unknown command.
You bump into the unnaturally hard rock wall.
The boulder beetle is no longer paralysed.
The centaur warrior is no longer paralysed. x2
The manticore is no longer paralysed.
Unknown command.
Unknown command.
You bump into the unnaturally hard rock wall.
The manticore completely misses you. x2; The manticore claws you!
The centaur warrior shoots an arrow.
The arrow closely misses the centaur warrior.
The arrow hits the manticore!!
The manticore dies!
Uskayaw links your audience in an emotional bond!
Your Short Blades skill increases to level 10!
Your Invocations skill increases to level 9!
You have reached level 9!
Your experience leads to an increase in your attributes!
Your base attributes are Str 14, Int 9, Dex 15.
Increase (S)trength, (I)ntelligence, or (D)exterity?
You feel stronger. x2
Unknown command.
Unknown command.
The centaur warrior shoots an arrow.
The arrow hits the centaur warrior!
The centaur warrior dies!
Your Fighting skill increases to level 6!
Your Stealth skill increases to level 14!
You see here a +0 shortbow.
Unknown command.
Unknown command.
The centaur warrior shoots an arrow.
The arrow hits you!!
Ouch! That really hurt!
You die...

▓+▓
▓B▓
▓c▓
▓.▓
▓)▓
▓@▓
▓)▓
▓'▓
▓.▓
▓.▓
▓†▓
▓.▓
▓)▓
▓)▓


You could see a boulder beetle (wandering, unable to see you, pain bonded) and a
centaur warrior (unable to see you, pain bonded).

Vanquished Creatures
  A centaur warrior (D)
  An unseen horror (D)
  A yak (D)
  A vampire (D)
  An orc warrior (D)
  An ice beast (D)
  A centaur (D)
  A wight (D)
  A killer bee (D)
  A howler monkey (D)
  A hound (D)
  An orc wizard (D)
  An orc (D)
  An endoplasm (D)
  A goblin (D)
  2 frilled lizards (D)
  A kobold (D)
18 creatures vanquished.

Vanquished Creatures (others)
  A centaur warrior (D)
  A manticore (D)
2 creatures vanquished.

Grand Total: 20 creatures vanquished

Notes
Turn   | Place    | Note
-------+----------+-------------------------------------------
     0 | D        | Groucho the Spriggan Fighter began the quest for the Orb.
     0 | D        | Reached XP level 1. HP: 11/11 MP: 2/2
     7 | D        | Reached skill level 1 in Stealth
    14 | D        | Reached skill level 1 in Invocations
    16 | D        | Reached skill level 2 in Stealth
   403 | D        | Noticed an ice beast
   403 | D        | Noticed a centaur
   403 | D        | Noticed an orc wizard
   403 | D        | Noticed a hound
   413 | D        | Killed a hound
   414 | D        | Reached skill level 5 in Dodging
   414 | D        | Reached skill level 4 in Stealth
   414 | D        | Reached XP level 2. HP: 10/16 MP: 2/4
   414 | D        | Reached XP level 3. HP: 11/19 MP: 2/5
   426 | D        | Killed a centaur
   427 | D        | Reached skill level 5 in Short Blades
   427 | D        | Reached skill level 6 in Stealth
   427 | D        | Reached XP level 4. HP: 12/24 MP: 2/8
  1010 | D        | Killed an ice beast
  1011 | D        | Reached skill level 8 in Stealth
  1011 | D        | Reached skill level 5 in Invocations
  1011 | D        | Reached XP level 5. HP: 18/29 MP: 9/9
  1012 | D        | Found a snail-covered altar of Cheibriados.
  1012 | D        | Found a shadowy altar of Dithmenos.
  1012 | D        | Found a white marble altar of Elyvilon.
  1012 | D        | Found a blossoming altar of Fedhas.
  1012 | D        | Found an opulent altar of Gozag.
  1013 | D        | Found a hazy altar of Hepliaklqana.
  1014 | D        | Found a viscous altar of Jiyva.
  1015 | D        | Found an ancient bone altar of Kikubaaqudgha.
  1016 | D        | Found a corrupted altar of Lugonu.
  1017 | D        | Found a burning altar of Makhleb.
  1018 | D        | Found a sparkling altar of Nemelex Xobeh.
  1019 | D        | Found an iron altar of Okawaru.
  1020 | D        | Found a stormy altar of Qazlal.
  1021 | D        | Found a sacrificial altar of Ru.
  1022 | D        | Found a shimmering blue altar of Sif Muna.
  1023 | D        | Found a bloodstained altar of Trog.
  1024 | D        | Found a hide-covered altar of Uskayaw.
  1025 | D        | Found a radiant altar of Vehumet.
  1026 | D        | Found an ornate altar of the Wu Jian Council.
  1027 | D        | Found a shimmering altar of Xom.
  1028 | D        | Found a basalt altar of Yredelemnul.
  1029 | D        | Found a glowing silver altar of Zin.
  1030 | D        | Found a glowing golden altar of the Shining One.
  1032 | D        | Became a worshipper of Uskayaw the Reveller
  1058 | D        | Noticed an unseen horror
  1058 | D        | Noticed a yak
  1058 | D        | Noticed an orc warrior
  1061 | D        | Reached * piety under Uskayaw
  1064 | D        | Killed an orc warrior
  1064 | D        | Reached ** piety under Uskayaw
  1065 | D        | Reached skill level 9 in Stealth
  1065 | D        | Reached XP level 6. HP: 23/33 MP: 9/11
  1068 | D        | Killed a yak
  1068 | D        | Reached *** piety under Uskayaw
  1069 | D        | Reached skill level 10 in Stealth
  1069 | D        | Reached **** piety under Uskayaw
  1070 | D        | Reached XP level 7. HP: 27/38 MP: 9/12
  1074 | D        | Reached ***** piety under Uskayaw
  1075 | D        | Reached skill level 10 in Dodging
  1080 | D        | Killed an unseen horror
  1081 | D        | Reached skill level 5 in Fighting
  1081 | D        | Reached skill level 11 in Stealth
  1082 | D        | Noticed a boulder beetle
  1082 | D        | Noticed a centaur warrior
  1082 | D        | Noticed a centaur warrior
  1082 | D        | Noticed a manticore
  1082 | D        | Noticed a vampire
  1082 | D        | Noticed a centaur warrior
  1084 | D        | Killed a centaur warrior
  1085 | D        | Reached skill level 13 in Stealth
  1085 | D        | Reached skill level 5 in Shields
  1085 | D        | Reached XP level 8. HP: 21/44 MP: 11/15
  1097 | D        | Killed a manticore
  1098 | D        | Reached skill level 10 in Short Blades
  1098 | D        | Reached XP level 9. HP: 25/48 MP: 8/16
  1098 | D        | Killed a centaur warrior
  1099 | D        | Reached skill level 14 in Stealth
  1099 | D        | Shot with an arrow by a centaur warrior

Illustrated notes

Levels and vault maps discovered:
D:        linesprint [early_d, line_temple, items_1, d_10, items_2, lair_1,
          lair_end, items_3, orc_1, orc_end, items_4, d_15, swamp_1, shoals_1,
          snake_1, spider_1, d_20, vaults_1, items_5, swamp_end, shoals_end,
          snake_end, spider_end, vaults_end, d_27, items_6, zot_1, zot_end,
          crypt_end, forest_end, elf_end, slime_end, tomb_end, abyss_end,
          pan_hell_end]

Skill      XL: |  1  2  3  4  5  6  7  8  9 |
---------------+----------------------------+-----
Stealth        | 4 6 8 9 10 13 14 | 14.4
Invocations    | 2 4 5 6 8 9 |  9.5
Short Blades   | 3 5 6 7 9 10 | 10.7
Dodging        | 5 7 8 9 11 12 | 12.9
Fighting       | 3 4 5 6 |  6.1
Shields        | 3 4 5 |  5.5

Action                   |  1- 3 |  4- 6 |  7- 9 || total
-------------------------+-------+-------+-------++-------
Melee: Rapier            |    32 |    20 |    17 ||    69
Invok: Line Pass         |       |       |     1 ||     1
  Use: Potion            |     2 |     3 |     1 ||     6
 Stab: Invisible         |       |     1 |     2 ||     3
       Paralysed         |       |     1 |       ||     1
       Sleeping          |       |       |     1 ||     1
Armor: Robe              |     7 |     1 |       ||     8
Dodge: Dodged            |    26 |     7 |    13 ||    46
Block: Buckler           |     6 |     4 |     6 ||    16
